 Dungeon Crawl Stone Soup version 0.27-a0-200-g8ba017916c (webtiles) character file.

Game seed: 9054591073280035792

37 gimp the Magician (level 3, -1/23 HPs)
             Began as a Demonspawn Hedge Wizard on Jan 30, 2021.
             Succumbed to an adder's poison
             ... on level 1 of the Dungeon.
             The game lasted 00:03:12 (1601 turns).

gimp the Magician (Demonspawn Hedge Wizard)         Turns: 1601, Time: 00:03:12

Health: -1/23      AC:  7    Str: 10    XL:     3   Next: 21%
Magic:  1/8        EV: 12    Int: 16    God:
Gold:   87         SH:  0    Dex: 12    Spells: 3/9 levels left

rFire    . . .     SeeInvis .   a - +0 dagger
rCold    . . .     Faith    .   (no shield)
rNeg     . . .     Spirit   .   b - +0 robe
rPois    .         Reflect  .   c - +0 hat
rElec    +         Harm     .   (no cloak)
rCorr    .         Rampage  .   (no gloves)
Will     .....                  e - +2 pair of boots
Stlth    ++........             (no amulet)
HPRegen  0.07/turn              (no ring)
MPRegen  0.11/turn              (no ring)

@: lethally poisoned (-1 -> -16)
A: hooves 1, iridescent scales 1, frail 1, electricity resistance, evolution 1
a: no special abilities


You were on level 1 of the Dungeon.
You visited 1 branch of the dungeon, and saw 2 of its levels.

You collected 87 gold pieces.

Inventory:

Hand Weapons
 a - a +0 dagger (weapon)
Armour
 b - a +0 robe (worn)
 c - a +0 hat (worn)
 e - a +2 pair of boots (worn)
Scrolls
 d - 2 scrolls of identify {unknown}
 f - a scroll of fog {unknown}


   Skills:
 + Level 1.2 Fighting
 - Level 1.7 Dodging
 - Level 1.7 Stealth
 * Level 3.6 Spellcasting
 + Level 1.6 Conjurations
 - Level 1.0 Summonings
 - Level 1.0 Translocations


You had 3 spell levels left.
You knew the following spells:

 Your Spells              Type           Power        Failure   Level
a - Magic Dart            Conj           32%          9%          1
b - Blink                 Tloc           N/A          19%         2
c - Mephitic Cloud        Conj/Pois/Air  4%           38%         3

Your spell library contained the following spells:

 Spells                   Type           Power        Failure   Level
 Call Imp                 Summ           6%           19%         2
 Slow                     Hex            2%           26%         2
 Conjure Flame            Conj/Fire      5%           36%         3


Dungeon Overview and Level Annotations

Branches:
Dungeon (2/15)

Altars:

Annotations:
D:2 Sigmund


Innate Abilities, Weirdness & Mutations

You have large cloven feet.
You are partially covered in iridescent scales. (AC +2)
You are frail. (-10% HP)
You are resistant to electric shocks. (rElec)
You evolve.


Message History

Casting: Magic Dart (safe; 9% risk of failure)
Confirm with . or Enter, or press ? or * to list all spells.
Aiming: Magic Dart (safe; 9% risk of failure)
Press: ? - help, Shift-Dir - straight line, f/p - adder
Aim: an adder (severely wounded, 0% to evade)
The magic dart hits the adder.
The adder is almost dead.
The adder bites you.
* * * LOW HITPOINT WARNING * * *
You are more poisoned.
The adder poisons you!
You take 3 damage, and have 1/23 hp.
You now have 1/8 mp.
Casting: Magic Dart (safe; 9% risk of failure)
Confirm with . or Enter, or press ? or * to list all spells.
Aiming: Magic Dart (safe; 9% risk of failure)
Press: ? - help, Shift-Dir - straight line, f/p - adder
Aim: an adder (almost dead, 0% to evade)
The magic dart hits the adder.
You kill the adder!
You die...

#####†###.........).#
#......##....######.#
#.......#..#.)......#
#.......#.....#####.#
#######.#..)........#
#.......#.#####
##......#.##.###
#.....†#......#
#.####@#.##.###
#.'((###..).# #.#)(#
#.#### #.#### #.#
###.# #.# #.# #.###
#.# #...# #.######.#
#....#...#


There were no monsters in sight!

Vanquished Creatures
  An adder (D:1)
  An ooze (D:1)
  2 dart slugs (D:1)
  3 leopard geckos (D:1)
  A bat (D:1)
  A giant cockroach (D:1)
  6 goblins (D:1)
  2 hobgoblins (D:1)
  A frilled lizard (D:1)
  3 kobolds (D:1)
  5 rats (D:1)
26 creatures vanquished.

Notes
Turn   | Place    | Note
-------+----------+-------------------------------------------
     0 | D:1      | gimp the Demonspawn Hedge Wizard began the quest for the
                  | Orb.
     0 | D:1      | Reached XP level 1. HP: 13/13 MP: 4/4
    26 | D:1      | Reached skill level 1 in Translocations
   128 | D:1      | Gained mutation: You are partially covered in iridescent
                  | scales. (AC +2) [demonic ancestry]
   128 | D:1      | Reached XP level 2. HP: 20/20 MP: 0/6
   514 | D:1      | Reached skill level 1 in Fighting
   823 | D:1      | Gained mutation: You have large cloven feet. [demonic
                  | ancestry]
   823 | D:1      | Reached XP level 3. HP: 26/26 MP: 0/8
   928 | D:1      | Learned a level 2 spell: Blink
   932 | D:1      | Learned a level 3 spell: Mephitic Cloud
  1365 | D:2      | Noticed Sigmund
  1597 | D:1      | Gained mutation: You evolve. [potion of mutation]
  1597 | D:1      | Gained mutation: You are frail. (-10% HP) [potion of
                  | mutation]
  1597 | D:1      | Gained mutation: You are resistant to electric shocks.
                  | (rElec) [potion of mutation]
  1600 | D:1      | HP: 1/23 [adder (3)]
  1601 | D:1      | Succumbed to an adder's poison

Illustrated notes

Levels and vault maps discovered:
D:1:      elethiomel_arrival_infinity_welcomes_careful_drivers, layout_basic,
          dk_noncrumbling_4, supply_closet_lemuel
D:2:      layout_loops_ring, nicolae_overflow_hidden_temple,
          evilmike_ruin_ashenzari, uniq_crazy_yiuf_cottage, uniq_terence,
          uniq_sigmund

Skill      XL: |  1  2 |
---------------+-------+-----
Translocations | 1 |  1.0
Fighting       | 1 |  1.2
Dodging        | |  1.7
Stealth        | |  1.7
Spellcasting   | |  3.6
Conjurations   | |  1.6
Summonings     | |  1.0

Action                   || total
-------------------------++-------
Melee: Dagger            ||    65
 Cast: Magic Dart        ||    71
       Mephitic Cloud    ||     2
  Use: Potion            ||     1
 Stab: Confused          ||     2
       Sleeping          ||     1
Armor: Robe              ||    14
Dodge: Dodged            ||    30

Table legend: (Time is in decaauts)
 A = Elapsed time spent in this place.
 B = Non-inter-level travel time spent in this place.
 C = Inter-level travel time spent in this place.
 D = Time resting spent in this place.
 E = Time spent auto-exploring this place.
 F = Levels seen in this place.
 G = Mean time per level.
                   A        B        C        D        E       F      G
               +--------+--------+--------+--------+--------+-----+--------+
         Total |   1602 |   1566 |     36 |    150 |   1152 |   2 |  801.0 |
       Dungeon |   1602 |   1566 |     36 |    150 |   1152 |   2 |  801.0 |
               +--------+--------+--------+--------+--------+-----+--------+

Top non-repeatable levels by time:
     D:1: 1504 daAuts
     D:2: 98 daAuts
